 Dungeon Crawl Stone Soup version 0.18.1-6-gd335043 (webtiles) character file.

12653 mopl the Spear-Bearer (level 11, -2/86 HPs)
             Began as a Mummy Fighter on May 14, 2016.
             Was an Initiate of Gozag.
             Slain by a komodo dragon (23 damage)
             ... on level 8 of the Dungeon on May 15, 2016.
             The game lasted 00:36:25 (11696 turns).

mopl the Spear-Bearer (Mummy Fighter)              Turns: 11696, Time: 00:36:26

Health: -2/86      AC: 18    Str: 19    XL:     11   Next: 65%
Magic:  11/11      EV:  8    Int:  8    God:    Gozag
Gold:   769        SH:  9    Dex: 20    Spells: 0 memorised, 10 levels left

rFire  . . .     SeeInvis .     a - +0 trident
rCold  + . .     Gourm    .     z - +0 plate armour
rNeg   + + +     Faith    .     c - +0 shield
rPois  ∞         Spirit   .     L - +2 hat
rElec  .         Dismiss  .     G - +1 cloak
rCorr  +         Reflect  .     (no gloves)
SustAt .         Harm     .     p - +0 pair of boots
MR     +....                    i - amulet of regeneration
Stlth  ..........               s - ring of resist corrosion
                                E - ring of protection from fire {=R}

@: agile, flying, very slightly contaminated, hasted, very quick, somewhat
resistant to hostile enchantments, extremely unstealthy
A: no food or potions, fire vulnerability, cold resistance 1, negative energy
resistance 3, torment resistance, unbreathing
a: Potion Petition, Call Merchant, Bribe Branch, Renounce Religion


You were on level 8 of the Dungeon.
You worshipped Gozag.
Gozag was noncommittal.
You were not hungry.

You visited 3 branches of the dungeon, and saw 13 of its levels.

You collected 1726 gold pieces.
You spent 420 gold pieces at shops.
You paid 537 gold pieces to Gozag.

Inventory:

Hand Weapons
 a - a +0 trident (weapon)
 b - a +0 blowgun
 k - a +1 scimitar of flaming
Missiles
 m - 69 poisoned needles
 r - 23 tomahawks (quivered)
 O - 4 needles of confusion
 Q - 4 curare-tipped needles
 S - 4 javelins
Armour
 c - a +0 shield (worn)
 p - a +0 pair of boots (worn)
 z - a +0 plate armour (worn)
 G - a +1 cloak (worn)
 L - a +2 hat (worn)
Jewellery
 d - an uncursed ring of flight
 i - an amulet of regeneration (around neck)
 s - a ring of resist corrosion (right hand)
 w - the ring "Xishoir" {+Blink +Inv rC++ Int-3 Stlth-}
   (You found it on level 6 of the Dungeon)

   [ring of loudness]

   It affects your intelligence (-3).
   It greatly protects you from cold.
   It lets you turn invisible.
   It lets you blink.
   It makes you less stealthy.
 E - a ring of protection from fire (left hand) {=R}
 T - an uncursed ring of protection from cold
Wands
 h - a wand of enslavement (4/24)
 l - a wand of flame (18/48)
 B - a wand of acid (8/15)
 C - a wand of iceblast (9/15)
 I - a wand of flame (23/48)
 K - a wand of teleportation (5/9)
 M - a wand of flame (23/48)
 N - a wand of disintegration (4/24)
 W - a wand of polymorph (0/24)
Scrolls
 e - 2 scrolls of remove curse
 f - 3 scrolls of teleportation
 g - 4 scrolls of immolation {unknown}
 j - a scroll of fear
 q - 2 scrolls of magic mapping
 u - 3 scrolls of fog {unknown}
 v - 3 scrolls of amnesia {unknown}
 H - a scroll of silence {!r}
Books
 n - a book of Enchantments

   Spells                             Type                      Level
   a - Cause Fear                     Hexes                        4
   b - Yara's Violent Unravelling     Hexes/Transmutation          5
   c - Silence                        Hexes/Air                    5
   d - Deflect Missiles               Charms/Air                   6
   e - Haste                          Charms                       6
   f - Discord                        Hexes                        8


   Skills:
 + Level 8.0 Fighting
 * Level 12.9 Polearms
 + Level 6.7 Armour
 - Level 2.4 Shields


You had 10 spell levels left.
You didn't know any spells.

Dungeon Overview and Level Annotations

Branches:
Dungeon (11/15)            Temple (1/1) D:4            Lair (1/8) D:8
    Orc (0/2) D:11

Altars:
Cheibriados
Dithmenos
Elyvilon
Gozag
Kikubaaqudgha
Nemelex Xobeh
Okawaru
Qazlal
Ru
Sif Muna
Trog
Vehumet
Yredelemnul
Zin

Shops:
D:8 }

Annotations:
D:8 feelmyfire's ghost, novice MiFi


Innate Abilities, Weirdness & Mutations

You do not eat or drink.
Your flesh is vulnerable to fire.
You are immune to poison.
Your flesh is cold resistant.
You are immune to negative energy.
You are immune to unholy pain and torment.
You can survive without breathing.


Message History

[b] - 351 gold - resistance and flight [c] - 391 gold - haste, agility and flight Purchase which effect?
You no longer have enough gold to fund merchants seeking to open stores in the dungeon.
You feel yourself speed up.
You feel agile all of a sudden.
You feel very buoyant.
You fly up into the air.
You block the komodo dragon's attack.
You are very lightly contaminated with residual magic.
You puncture the komodo dragon!
The komodo dragon is almost dead.
You hit the komodo dragon but do no damage.
The komodo dragon is almost dead.
You block the komodo dragon's attack.
You hit the komodo dragon.
The komodo dragon is almost dead.
You completely miss the komodo dragon.
The komodo dragon is almost dead.
The komodo dragon bites you!!
You die...
Your body crumbles into a pile of gold.

### ### ###
########.###.##
#....##..##...###
#####..#.....#...##
#.# ##......#.....#
##.###.#............
#..@#....##....#....
####l..#####..######
#H#### #..# #..
#....# #.## ###
###### ###


You could see a komodo dragon and a hippogriff.

Vanquished Creatures
  Erolcha (D:8)
  A hydra (Lair:1)
  Erica (D:9)
  Urug (D:11)
  Sonja (D:10)
  A black mamba (Lair:1)
  2 spiny frogs (Lair:1)
  4 komodo dragons
  A two-headed ogre (D:10)
  The ghost of eragonby the Ruffian, an amateur TrMo (D:4)
  Sigmund (D:4)
  6 yaks
  2 hippogriffs
  2 porcupines (Lair:1)
  3 water moccasins (Lair:1)
  A swamp drake (D:8)
  A wasp (D:10)
  A sky beast (D:6)
  6 ice beasts
  3 orc warriors
  2 black bears
  5 ogres
  3 phantoms
  7 centaurs
  2 crocodiles (D:8)
  7 giant frogs
  A wyvern skeleton (D:10)
  7 scorpions
  An oklob sapling (D:4)
  7 wights
  3 howler monkeys
  2 giant frog zombies
  5 crimson imps
  2 centaur zombies
  3 hounds
  3 jellies
  4 orc priests
  A centaur skeleton (D:7)
  A gnoll shaman (D:8)
  10 orc wizards
  A giant frog skeleton (D:11)
  7 iguanas
  8 worker ants
  A worker ant zombie (D:9)
  4 gnolls (D:8)
  2 howler monkey skeletons
  7 river rats (Lair:1)
  14 adders
  A shadow imp (D:7)
  A white imp (D:8)
  2 oozes
  An adder skeleton (D:8)
  A worm (D:4)
  A dart slug (D:3)
  2 giant geckos
  37 orcs
  2 ball pythons
  6 giant cockroaches
  7 goblins
  4 hobgoblins
  14 jackals
  4 kobolds
  4 quokkas
  3 bats
  A giant cockroach zombie (D:5)
  A giant gecko skeleton (D:4)
  A giant gecko zombie (D:6)
  2 giant newts
  A jackal skeleton (D:4)
  9 rats
  A plant (D:4)
266 creatures vanquished.

Vanquished Creatures (collateral kills)
  A vampire (D:11)
  A giant frog (D:10)
  A hound (D:11)
3 creatures vanquished.

Grand Total: 269 creatures vanquished

Notes
Turn   | Place    | Note
--------------------------------------------------------------
     0 | D:1      | mopl the Mummy Fighter began the quest for the Orb.
     0 | D:1      | Reached XP level 1. HP: 18/18 MP: 1/1
   118 | D:1      | Reached skill level 2 in Polearms
   212 | D:1      | Reached XP level 2. HP: 24/24 MP: 2/2
   662 | D:2      | Found a faded altar to an unknown god.
   673 | D:2      | Reached XP level 3. HP: 29/29 MP: 3/3
   676 | D:2      | Became a worshipper of Cheibriados the Contemplative
   676 | D:2      | Reached * piety under Cheibriados
   676 | D:2      | Fell from the grace of Cheibriados
   761 | D:2      | Reached skill level 3 in Polearms
  1215 | D:3      | Reached XP level 4. HP: 28/35 MP: 4/4
  1842 | D:4      | Reached skill level 4 in Polearms
  1898 | D:4      | Found a bloodstained altar of Trog.
  1943 | D:4      | Reached XP level 5. HP: 28/41 MP: 5/5
  2091 | D:4      | Reached skill level 5 in Polearms
  2106 | D:4      | Noticed a phantom
  2138 | D:4      | Killed a phantom
  2138 | D:4      | Reached XP level 6. HP: 24/47 MP: 6/6
  2186 | D:4      | Noticed Sigmund
  2330 | D:5      | Entered Level 5 of the Dungeon
  2331 | D:5      | Noticed an ice beast
  2370 | D:5      | Killed an ice beast
  2370 | D:5      | Reached skill level 6 in Polearms
  2379 | D:5      | Found a shadowy altar of Dithmenos.
  2396 | D:5      | Reached XP level 7. HP: 28/52 MP: 7/7
  2475 | D:5      | Found a glowing silver altar of Zin.
  2498 | D:5      | Reached skill level 7 in Polearms
  2947 | D:6      | Reached XP level 8. HP: 39/58 MP: 8/8
  3005 | D:6      | Reached skill level 8 in Polearms
  3318 | D:6      | Got a scorched brass ring
  3319 | D:6      | Identified the ring "Xishoir" {+Blink +Inv rC++ Int-3 Stlth-} (You found it on level 6 of the Dungeon)
  3958 | D:6      | Reached skill level 9 in Polearms
  4065 | D:6      | Was forgiven by Cheibriados
  4860 | D:7      | Reached skill level 10 in Polearms
  4860 | D:7      | Reached XP level 9. HP: 53/63 MP: 9/9
  5212 | D:7      | Found an iron altar of Okawaru.
  5212 | D:7      | Found a sacrificial altar of Ru.
  5312 | D:4      | Noticed eragonby's ghost (amateur TrMo)
  5313 | D:4      | Killed Sigmund
  5313 | D:4      | Reached skill level 3 in Armour
  5342 | D:4      | Killed eragonby's ghost
  5384 | D:4      | Found a staircase to the Ecumenical Temple.
  5461 | D:4      | Reached skill level 4 in Fighting
  5539 | Temple   | Entered the Ecumenical Temple
  5582 | Temple   | Became a worshipper of Gozag Ym Sagoz the Greedy
  5993 | D:8      | Found a sparkling altar of Nemelex Xobeh.
  5993 | D:8      | Found a white marble altar of Elyvilon.
  6008 | D:8      | Found Eskudaabi's Gadget Shoppe.
  6015 | D:8      | Noticed feelmyfire's ghost (novice MiFi)
  6167 | D:8      | Noticed Erolcha
  6430 | D:8      | Bought a wand of teleportation (6/9) for 420 gold pieces
  6465 | D:8      | Reached skill level 4 in Armour
  6485 | D:9      | Noticed Erica
  6549 | D:8      | Found a basalt altar of Yredelemnul.
  6553 | D:8      | Found a deep blue altar of Sif Muna.
  6688 | D:9      | Reached skill level 11 in Polearms
  7186 | D:9      | Reached skill level 5 in Fighting
  7186 | D:9      | Reached XP level 10. HP: 74/74 MP: 10/10
  7187 | D:9      | Found a radiant altar of Vehumet.
  7547 | D:10     | Entered Level 10 of the Dungeon
  8156 | D:10     | Noticed Sonja
  8172 | D:10     | Killed Sonja
  8172 | D:10     | Reached skill level 6 in Fighting
  8172 | D:10     | Reached skill level 5 in Armour
  8476 | D:11     | Noticed Urug
  8532 | D:11     | Killed Urug
  8532 | D:11     | Reached skill level 12 in Polearms
  8633 | D:11     | Found a staircase to the Orcish Mines.
  9553 | D:9      | Killed Erica
  9553 | D:9      | Reached XP level 11. HP: 76/83 MP: 11/11
  9582 | D:8      | Upgraded the game from 0.18.1-5-g4a78601 to 0.18.1-6-gd335043
  9728 | D:8      | Reached skill level 7 in Fighting
  9788 | D:8      | Killed Erolcha
  9788 | D:8      | Reached skill level 6 in Armour
 10450 | D:8      | Found a staircase to the Lair.
 10683 | Lair:1   | Entered Level 1 of the Lair of Beasts
 10749 | Lair:1   | Noticed a five-headed hydra
 10791 | Lair:1   | Killed a one-headed hydra
 11220 | Lair:1   | Reached skill level 8 in Fighting
 11696 | D:8      | Slain by a komodo dragon

Skill      XL: |  1  2  3  4  5  6  7  8  9 10 11 |
---------------+----------------------------------+-----
Polearms       | 2 3 4 5 6 7 10 11 12 | 12.9
Armour         | 4 5 6 |  6.7
Fighting       | 5 6 8 |  8.0
Shields        | |  2.4

Action                   |  1- 3 |  4- 6 |  7- 9 | 10-12 || total
-------------------------+-------+-------+-------+-------++-------
Melee: Trident           |   105 |   180 |   900 |   823 ||  2008
       Scimitar          |       |       |       |     9 ||     9
 Fire: Blowgun           |       |       |       |     7 ||     7
Throw: Tomahawk          |       |       |     3 |       ||     3
Invok: Renounce Religion |     1 |       |       |       ||     1
       Potion Petition   |       |       |       |     2 ||     2
 Abil: Evoke Invisibilit |       |       |       |     1 ||     1
Evoke: Wand              |       |       |    28 |    21 ||    49
  Use: Scroll            |     2 |       |     9 |     3 ||    14
 Stab: Distracted        |       |       |     2 |     1 ||     3
       Invisible         |       |       |       |     4 ||     4
Armor: Scale mail        |    36 |       |       |       ||    36
       Chain mail        |    11 |    69 |   100 |       ||   180
       Plate armour      |       |       |   296 |   297 ||   593
Dodge: Dodged            |    25 |    35 |   107 |    81 ||   248
Block: Shield            |    33 |    89 |   362 |   245 ||   729
